 Dungeon Crawl Stone Soup version 0.19-b1-3-g7dea586 (webtiles) character file.

68 Chiseanne the Magician (level 4, 30/30 HPs)
             Began as a Demonspawn Wizard on Oct 29, 2016.
             Quit the game on level 3 of the Dungeon.
             The game lasted 00:05:28 (2508 turns).

Chiseanne the Magician (Demonspawn Wizard)          Turns: 2508, Time: 00:05:29

Health: 30/30      AC:  3    Str:  7    XL:     4   Next: 1%
Magic:  8/10       EV: 12    Int: 20    God:
Gold:   137        SH:  0    Dex: 12    Spells: 4 memorised, 2 levels left

rFire  . . .     SeeInvis .     e - +0 dagger (curse)
rCold  . . .     Gourm    .     a - +0 robe
rNeg   . . .     Faith    .     (no shield)
rPois  .         Spirit   .     g - +0 helmet
rElec  .         Reflect  .     (no cloak)
rCorr  .         Harm     .     (no gloves)
MR     .....                    (no boots)
Stlth  +.........               (no amulet)
                                (no ring)
                                r - ring of loudness (curse)

@: no status effects
A: talons 1, rot immunity
a: no special abilities


You were on level 3 of the Dungeon.
You were hungry.

You visited 1 branch of the dungeon, and saw 3 of its levels.

You collected 137 gold pieces.

Inventory:

Hand Weapons
 e - a cursed +0 dagger (weapon)
Missiles
 h - 109 stones (quivered)
 j - 11 poisoned needles
 n - 45 bolts
 p - 16 arrows
Armour
 a - a +0 robe (worn)
 g - a +0 helmet (worn)
Jewellery
 r - a cursed ring of loudness (left hand)
Potions
 i - 2 potions of lignification
 k - 3 potions of heal wounds
 m - 3 potions of haste
 o - 3 potions of curing
Books
 c - a book of Minor Magic

   Spells                             Type                      Level
   a - Magic Dart                     Conjuration                  1
   b - Blink                          Translocation                2
   c - Call Imp                       Summoning                    2
   d - Repel Missiles                 Charms/Air                   2
   e - Slow                           Hexes                        2
   f - Conjure Flame                  Conjuration/Fire             3
   g - Mephitic Cloud                 Conjuration/Poison/Air       3
Comestibles
 d - 2 bread rations
 f - 2 meat rations
 l - a beef jerky


   Skills:
 - Level 1.7 Dodging
 - Level 1.7 Stealth
 * Level 4.0 Spellcasting
 * Level 2.5 Conjurations
   Level 1.0 Summonings
 - Level 0.8 Translocations


You had 2 spell levels left.
You knew the following spells:

 Your Spells              Type           Power        Failure   Level  Hunger
a - Magic Dart            Conj           ##..         4%          1    None
b - Blink                 Tloc           N/A          17%         2    #......
c - Conjure Flame         Conj/Fire      #.......     24%         3    ###....
d - Mephitic Cloud        Conj/Pois/Air  #.......     30%         3    ###....


Dungeon Overview and Level Annotations

Branches:
Dungeon (3/15)

Altars:
Hepliaklqana

Annotations:
D:3 Terence


Innate Abilities, Weirdness & Mutations

You have sharp toenails.
You are immune to rotting.


Message History

The goblin shouts! x3; The hobgoblin shouts!
You hear a shout!
The goblin moves out of view.
You hear a shout!
A goblin comes into view. It is wielding a dagger of distortion.
The goblin shouts!
You hear a shout! x2
Found a scroll of identify.
A hobgoblin comes into view. It is wielding a club.
There is a stone staircase leading up here.
Casting: Magic Dart
Confirm with . or Enter, or press ? or * to list all spells.
Aiming: Magic Dart
Press: ? - help, Shift-Dir - straight line, f - goblin
Aim: a goblin, wielding a club The magic dart hits the goblin.
You kill the goblin!
You have reached level 4!
You feel agile.
Your demonic ancestry asserts itself...
Your toenails lengthen and sharpen.
A goblin comes into view. It is wielding a dagger.
Are you sure you want to abandon this character and quit the game? (Confirm with "yes".)

#######
.......
##.......
#@.......
#.g........
#g##.......


g.g ....... #g# ....... #g ....... # ?...... ####### You could see 2 hobgoblins
and 4 goblins.

Vanquished Creatures
  2 adders (D:2)
  4 dart slugs
  2 leopard geckos (D:1)
  3 giant cockroaches (D:1)
  5 goblins
  4 hobgoblins (D:1)
  4 jackals (D:1)
  4 kobolds
  A quokka (D:2)
  A ball python (D:1)
  3 bats (D:1)
  3 frilled lizards (D:1)
  3 rats (D:1)
39 creatures vanquished.

Notes
Turn   | Place    | Note
-------+----------+-------------------------------------------
     0 | D:1      | Chiseanne the Demonspawn Wizard began the quest for the Orb.
     0 | D:1      | Reached XP level 1. HP: 13/13 MP: 4/4
   208 | D:1      | Gained mutation: You are immune to rotting. [demonic ancestry]
   208 | D:1      | Reached XP level 2. HP: 19/19 MP: 3/6
  1150 | D:1      | Reached XP level 3. HP: 21/24 MP: 0/8
  1514 | D:1      | Learned a level 2 spell: Blink
  1518 | D:1      | Learned a level 3 spell: Conjure Flame
  1522 | D:1      | Learned a level 3 spell: Mephitic Cloud
  1827 | D:2      | Reached skill level 4 in Spellcasting
  1931 | D:2      | Found a hazy altar of Hepliaklqana.
  2393 | D:3      | Noticed Terence
  2507 | D:3      | Gained mutation: You have sharp toenails. [demonic ancestry]
  2507 | D:3      | Reached XP level 4. HP: 30/30 MP: 8/10
  2508 | D:3      | Quit the game

Skill      XL: |  1  2  3 |
---------------+----------+-----
Conjurations   | 2 |  2.5
Spellcasting   | 4 |  4.0
Dodging        | |  1.7
Stealth        | |  1.7
Summonings     | |  1.0
Translocations | |  0.8

Action                   |  1- 3 |  4- 6 || total
-------------------------+-------+-------++-------
Melee: Dagger            |    33 |       ||    33
 Cast: Magic Dart        |   102 |     1 ||   103
       Conjure Flame     |     1 |       ||     1
  Use: Scroll            |     9 |       ||     9
  Eat: Chunk             |     4 |       ||     4
Armor: Robe              |    13 |       ||    13
Dodge: Dodged            |    30 |       ||    30
